AoeStats
← Holder

Arabia

509412024Analyzed
4v4 RM · 6d ago on Sep 26, 2026· 66m 48s· 8 players
Game mode
Random Map
Map size
Large (8 player)
Population
200
Speed
Normal
Resources
Standard
Victory
Conquest
Starting age
Dark Age
Ending age
Imperial Age
RankedLock teamsTeams togetherTeam positionsShared explorationLock speedFull tech treeHidden civsTurbo modeCheats
Victory
Defeat
🇫🇷 Franks · France
955
+15
🇹🇷 Britons · Türkiye
953
+15
🇳🇴 Magyars · Norway
947
+16
🇺🇸 Vietnamese · United States
939
+16
🇻🇳 Shu · Vietnam
973
-17
🇻🇳 Huns · Vietnam
967
-16
🇲🇾 Byzantines · Malaysia
915
-15
🇸🇪 Byzantines · Sweden
898
-14
PoacherCrooks
0:47 Loom
11:43 Feudal Age
17:31 Castle Age
16:55 Double-Bit Axe
17:44 Stone Mining
19:17 Bow Saw
23:34 Wheelbarrow
23:20 Gold Mining
27:34 Scale Barding Armor
27:40 Forging
28:47 Hand Cart
34:03 Imperial Age
31:22 Town Watch
33:06 Husbandry
33:30 Chain Barding Armor
33:46 Iron Casting
33:12 Scale Mail Armor
34:31 Gold Shaft Mining
34:41 Cavalier
35:36 Treadmill Crane
36:57 Chemistry
36:08 Fortified Wall
36:24 Conscription
36:53 Chivalry
39:38 Hoardings
39:04 Murder Holes
39:14 Siege Engineers
40:41 Paladin
41:42 Chain Mail Armor
55:58 Blast Furnace
55:34 Plate Barding Armor
55:32 Plate Mail Armor
Grim
10:11 Feudal Age
10:52 Double-Bit Axe
15:39 Horse Collar
16:12 Bloodlines
18:21 Scale Barding Armor
23:40 Castle Age
24:54 Heavy Plow
25:06 Bow Saw
25:34 Wheelbarrow
24:44 Loom
25:57 Town Watch
26:23 Husbandry
25:46 Light Cavalry
26:21 Gold Mining
26:25 Stone Mining
27:18 Chain Barding Armor
29:28 Treadmill Crane
30:19 Murder Holes
33:14 Gold Shaft Mining
32:46 Corvinian Army
34:40 Masonry
36:23 Hand Cart
37:21 Town Patrol
37:50 Pikeman
44:37 Imperial Age
45:10 Elite Magyar Huszar
45:22 Elite Magyar Huszar
47:24 Plate Barding Armor
46:41 Fletching
46:51 Padded Archer Armor
47:14 Ballistics
47:55 Chemistry
47:01 Siege Engineers
47:31 Conscription
49:28 Crop Rotation
50:49 Halberdier
57:08 Hussar
61:08 Arson
61:25 Scale Mail Armor
61:21 Bodkin Arrow
61:42 Leather Archer Armor
67:15 Chain Mail Armor
kinqpinq
0:33 Loom
15:11 Feudal Age
15:37 Town Watch
15:41 Double-Bit Axe
15:48 Stone Mining
21:45 Castle Age
20:55 Arson
23:10 Padded Archer Armor
23:01 Fletching
29:11 Gold Mining
33:24 Bodkin Arrow
34:42 Ballistics
35:42 Bow Saw
39:26 Squires
40:48 Leather Archer Armor
40:45 Fortified Wall
40:45 Masonry
41:18 Wheelbarrow
41:47 Town Patrol
46:57 Imperial Age
44:18 Crossbowman
45:50 Forging
45:40 Scale Mail Armor
danielsilver13
1:03 Loom
11:16 Feudal Age
11:46 Horse Collar
12:22 Double-Bit Axe
18:05 Gold Mining
22:58 Castle Age
21:05 Padded Archer Armor
20:56 Fletching
24:38 Bow Saw
24:29 Heavy Plow
23:55 Crossbowman
25:55 Leather Archer Armor
25:57 Forging
25:46 Bodkin Arrow
26:00 Thumb Ring
26:57 Wheelbarrow
28:37 Ballistics
32:45 Hand Cart
32:59 Heated Shot
41:55 Imperial Age
41:48 Forging
41:39 Scale Mail Armor
41:43 Squires
42:01 Arbalester
43:19 Iron Casting
42:50 Scale Barding Armor
43:17 Ring Archer Armor
42:48 Bracer
44:17 Chemistry
43:28 Husbandry
43:39 Bloodlines
44:14 Hoardings
43:21 Elite Skirmisher
44:14 Chatras
44:05 Onager
44:50 Town Watch
45:31 Chain Barding Armor
44:37 Imperial Skirmisher
45:33 Elite Battle Elephant
46:42 Town Patrol
49:24 Pikeman
54:24 Plate Barding Armor
56:53 Crop Rotation
ÍtsÁppleTime
5:07 Loom
10:13 Feudal Age
12:00 Double-Bit Axe
13:10 Horse Collar
16:22 Stone Mining
16:52 Fletching
20:47 Castle Age
22:37 Wheelbarrow
22:14 Bow Saw
22:05 Heavy Plow
22:22 Bodkin Arrow
27:06 Hand Cart
26:52 Arson
28:49 Guard Tower
29:02 Gold Mining
30:02 Squires
31:30 Greek Fire
32:32 Ballistics
32:10 Murder Holes
32:09 Gambesons
35:11 Imperial Age
33:20 Treadmill Crane
35:29 Capped Ram
38:08 Scale Barding Armor
38:15 Forging
37:30 Siege Ram
39:22 Gold Shaft Mining
39:15 Logistica
39:25 Elite Cataphract
42:44 Iron Casting
42:29 Chain Barding Armor
43:25 Stone Shaft Mining
44:01 Husbandry
45:38 Two-Man Saw
45:11 Crop Rotation
47:28 Chemistry
47:05 Plate Barding Armor
46:31 Bracer
49:10 Padded Archer Armor
54:59 Fortified Wall
55:26 Keep
54:37 Arrowslits
61:49 Scale Mail Armor
mastercounter99
7:03 Loom
10:09 Feudal Age
10:49 Double-Bit Axe
13:33 Horse Collar
18:14 Castle Age
19:38 Bow Saw
20:53 Wheelbarrow
21:16 Gold Mining
24:37 Arson
25:42 Forging
26:38 Heavy Plow
27:39 Scale Mail Armor
28:00 Squires
28:11 Stone Mining
31:14 Gold Shaft Mining
35:20 Chain Mail Armor
36:04 Fletching
38:40 Iron Casting
Kennyciu
11:47 Feudal Age
17:00 Castle Age
20:38 Double-Bit Axe
30:16 Wheelbarrow
34:59 Imperial Age
33:16 Marauders
34:00 Husbandry
34:10 Bloodlines
36:17 Forging
36:12 Scale Barding Armor
36:30 Gold Mining
37:38 Conscription
40:11 Iron Casting
39:56 Chain Barding Armor
42:58 Gold Shaft Mining
43:05 Stone Mining
45:09 Elite Tarkan
46:54 Blast Furnace
Holder
11:00 Feudal Age
12:17 Wheelbarrow
13:41 Loom
16:24 Castle Age
23:11 Double-Bit Axe
27:04 Hand Cart
26:32 Horse Collar
27:12 Bow Saw
27:16 Pikeman
27:42 Gambesons
27:57 Squires
36:21 Imperial Age
39:27 Husbandry
40:31 Chemistry
39:53 Ballistics
39:39 Siege Engineers
40:53 Halberdier
41:20 Gambesons
41:35 Squires
41:21 Arson
43:09 Conscription
43:08 Forging
43:00 Scale Mail Armor
46:10 Coiled Serpent Array
46:12 Bolt Magazine
46:56 Elite White Feather Guard
51:52 Scale Barding Armor
52:03 Chain Mail Armor
Connection lost

Rejoining the realm…

Still unreachable

The connection could not be restored.

Session expired

The server has moved on; the page needs a fresh start.